 Dungeon Crawl Stone Soup version 0.28.0-43-g3370ac3207 (webtiles) character file.

Game seed: 12703559626048531104

10945 DoubleLucky the Grappler (level 11, -2/109 HPs)
             Began as a Troll Fighter on Mar 27, 2022.
             Was a Believer of Makhleb.
             Constricted to death by Jorgrun (17 damage)
             ... while paralysed by Rupert
             ... on level 12 of the Dungeon.
             The game lasted 00:31:11 (10912 turns).

DoubleLucky the Grappler (Troll Fighter)           Turns: 10912, Time: 00:31:12

Health: -2/109     AC:  9    Str: 28    XL:     11   Next: 42%
Magic:  10/10      EV: -2    Int:  6    God:    Makhleb [**....]
Gold:   80         SH:  0    Dex: 15    Spells: 10/10 levels left

rFire   . . .      SeeInvis .     - Unarmed
rCold   . . .      Faith    .   b - +0 kite shield
rNeg    . . .      Spirit   .   O - +0 acid dragon scales
rPois   .          Reflect  .   o - +0 hat
rElec   .          Harm     .   z - +0 cloak
rCorr   +          Rampage  .   (gloves unavailable)
Will    .....                   (boots unavailable)
Stlth   +.........              R - amulet of the acrobat
HPRegen 1.08/turn               x - +6 ring of dexterity
MPRegen 0.12/turn               r - +4 ring of evasion

@: paralysed, grasped by roots, constricted
A: large, unfitting armour, claws 3, regeneration 1, shaggy fur 1, tough skin 1
a: Renounce Religion, Minor Destruction


You were on level 12 of the Dungeon.
You worshipped Makhleb.
Makhleb was pleased with you.
You visited 2 branches of the dungeon, and saw 13 of its levels.
You visited 1 bazaar.

You collected 667 gold pieces.
You spent 587 gold pieces at shops.

Inventory:

Hand Weapons
 J - a +2 dagger of speed
Missiles
 h - 13 poisoned darts
 l - 315 stones
 E - 3 atropa-tipped darts
 G - 7 curare-tipped darts (quivered)
 K - 3 throwing nets
Armour
 a - a +0 troll leather armour
 b - a +0 kite shield (worn)
 o - a +0 hat (worn)
 z - a +0 cloak (worn)
 O - +0 acid dragon scales (worn)
Jewellery
 j - a ring of protection from fire
 r - a +4 ring of evasion (right claw)
 x - a +6 ring of dexterity (left claw)
 L - a ring of flight
 R - an amulet of the acrobat (around neck)
Wands
 f - a wand of mindburst (38)
 v - a wand of flame (26)
 A - a wand of digging (13)
 P - a wand of iceblast (5)
Scrolls
 g - a scroll of fog {unknown}
 i - 4 scrolls of holy word
 k - 2 scrolls of vulnerability
 p - 2 scrolls of magic mapping
 q - 2 scrolls of amnesia {unknown}
 s - a scroll of blinking {unknown}
 y - 3 scrolls of teleportation
 B - a scroll of noise {unknown}
 C - 2 scrolls of brand weapon
 D - 2 scrolls of fear
 F - 2 scrolls of summoning {unknown}
 H - a scroll of torment {unknown}
 I - a scroll of immolation {unknown}
 Q - a scroll of identify
Potions
 c - 2 potions of might
 d - a potion of berserk rage {unknown}
 e - 2 potions of flight
 m - 3 potions of heal wounds
 n - 2 potions of mutation
 t - 3 potions of brilliance
 u - 5 potions of curing
 w - a potion of resistance {unknown}
 M - 2 potions of magic
 N - 3 potions of haste


   Skills:
 + Level 7.3 Fighting
 + Level 7.3 Throwing
 + Level 7.3 Dodging
 + Level 7.3 Shields
 + Level 8.5 Unarmed Combat


You had 10 spell levels left.
You didn't know any spells.
Your spell library contained the following spells:

 Spells                   Type           Power      Damage    Failure   Level
 Animate Skeleton         Necr           0%         N/A       77%         1
 Beastly Appendage        Tmut           0%         N/A       77%         1
 Foxfire                  Conj/Fire      0%         2x1d4     77%         1
 Pain                     Necr           0%         1d4       77%         1
 Wereblood                Tmut           0%         N/A       88%         2
 Conjure Flame            Conj/Fire      0%         6-21      98%         3
 Inner Flame              Hex/Fire       0%         N/A       98%         3
 Spider Form              Tmut/Pois      0%         N/A       98%         3
 Vampiric Draining        Necr           0%         2d6       98%         3
 Flame Wave               Conj/Fire      0%         2d4       100%        4


Dungeon Overview and Level Annotations

Branches:
Dungeon (12/15)            Temple (1/1) D:6            Lair (0/6) D:10
    Orc (0/2) D:9

Altars:
Ashenzari
Cheibriados
Dithmenos
Elyvilon
Fedhas
Gozag
Hepliaklqana
Kikubaaqudgha
Makhleb
Nemelex Xobeh
Okawaru
Qazlal
Ru
Sif Muna
Trog
Uskayaw
Vehumet
Wu Jian
Xom
Yredelemnul
Zin
The Shining One

Shops:
D:4 :   D:7 *   D:8 (*[(   D:9 [

Annotations:
D:10 2 runed translucent doors, exclusion: statue
D:12 Jorgrun, Rupert


Innate Abilities, Weirdness & Mutations

You are too large for most types of armour.
You have claws for hands.
Your natural rate of healing is unusually fast.
You are covered in fur. (AC +1)
You have tough skin. (AC +1)


Message History

Jorgrun hits you with a staff of earth.
You claw Jorgrun!
Jorgrun is lightly wounded.
You claw Jorgrun!
Jorgrun is moderately wounded.
Jorgrun casts a spell at you.
You are slowing down.
You claw Jorgrun!
Jorgrun is moderately wounded.
You block Jorgrun's attack.
Your limbs are stiffening.
You completely miss Jorgrun.
Jorgrun is heavily wounded.
Jorgrun casts a spell at you.
You struggle to resist.
You have turned to stone.
Jorgrun hits you with a staff of earth. Jorgrun shatters you.
Jorgrun hits you with a staff of earth! Jorgrun shatters you!!
Jorgrun is no longer moving slowly.
Jorgrun casts a spell at you.
Roots burst forth from the earth!
The grasping roots grab you! The grasping roots constrict you!
You hear a shout!
Rupert the Wild comes into view.
He is wielding a +0 vorpal battleaxe.
Jorgrun hits you with a staff of earth. Jorgrun shatters you!!
The grasping roots constrict you!
Rupert screams, "You killed all those lovely monsters, you murderer!"
Jorgrun hits you with a staff of earth. The grasping roots constrict you.
Rupert roars wildly at you.
You suddenly lose the ability to move!
Jorgrun hits you with a staff of earth. The grasping roots constrict you!
Jorgrun looks more healthy.
Jorgrun mutters some incantations to himself.
Jorgrun casts a spell at you.
You struggle to resist.
The grasping roots constrict you! Jorgrun completely misses you.
The grasping roots constrict you. Jorgrun casts a spell at you.
The iron shot hits you!!
* * * LOW HITPOINT WARNING * * *
The grasping roots constrict you!
You die...

#...#......
#...#......
..........
#...
#...#...g..
....((.. #...
...........
....... +...
. ....'......
.....
#...###.
....#......
.... #.......
....#......
###..#
#+##.......
....#
......##..g@#
...........
..<.#
..........@.#
.......<...
....#
.........<.#
...........
....#
...........#
...........
....#
.........#
###........
....#
.........#
..........
....#
...#####.#
...........
.[... ### .#
##+####....
#####. ..
#...# ..


You could see Rupert and Jorgrun.

Vanquished Creatures
  Harold (D:8)
  A two-headed ogre (D:10)
  Pikel (D:4)
  An ugly thing (D:10)
  A manticore (D:11)
  6 centaur zombies
  An unseen horror (D:11)
  A komodo dragon (D:11)
  A hornet (D:10)
  2 trolls
  Sigmund (D:6)
  2 wyverns
  9 yaks (D:10)
  A basilisk (D:8)
  Grum (D:8)
  Edmund (D:4)
  Duvessa (D:4)
  2 acid dragons
  4 water moccasins
  5 orc warriors
  2 sky beasts
  2 ice beasts
  3 ogres
  6 centaurs
  2 wolves (D:8)
  A wyvern zombie (D:7)
  A gnoll sergeant (D:7)
  6 bullfrogs
  A scorpion (D:5)
  Dowan (D:4)
  7 killer bees
  6 wights (D:6)
  2 howler monkeys (D:7)
  A bullfrog zombie (D:6)
  4 orc priests
  A hound (D:7)
  4 jellies
  A bullfrog skeleton (D:7)
  2 iguanas (D:7)
  9 orc wizards
  A killer bee zombie (D:7)
  A mummy (D:8)
  3 howler monkey zombies
  A gnoll (D:1)
  4 adders
  2 shadow imps (D:5)
  A white imp (D:7)
  An ufetubus (D:5)
  2 worms (D:3)
  2 dart slugs
  19 orcs
  5 endoplasms
  A giant cockroach (D:1)
  6 goblins
  9 hobgoblins
  A quokka (D:1)
  6 ball pythons
  5 bats
  17 frilled lizards
  11 kobolds
  3 rats
206 creatures vanquished.

Vanquished Creatures (others)
  A fungus (D:4)
  9 plants
10 creatures vanquished.

Grand Total: 216 creatures vanquished

Notes
Turn   | Place    | Note
-------+----------+-------------------------------------------
     0 | D:1      | DoubleLucky the Troll Fighter began the quest for the Orb.
     0 | D:1      | Reached XP level 1. HP: 22/22 MP: 0/0
   207 | D:1      | Reached XP level 2. HP: 26/29 MP: 1/1
   404 | D:1      | Found a faded altar of an unknown god.
   553 | D:1      | Reached XP level 3. HP: 31/36 MP: 2/2
  1217 | D:2      | Reached skill level 1 in Throwing
  1569 | D:2      | Reached XP level 4. HP: 23/44 MP: 3/3
  2217 | D:3      | Reached skill level 3 in Unarmed Combat
  2538 | D:4      | Reached XP level 5. HP: 53/53 MP: 4/4
  2640 | D:4      | Noticed a lemure
  2640 | D:4      | Noticed a lemure
  2640 | D:4      | Noticed Pikel
  2668 | D:4      | Noticed a lemure
  2670 | D:4      | Noticed a lemure
  2675 | D:4      | Killed Pikel
  2676 | D:4      | Reached XP level 6. HP: 39/61 MP: 5/5
  2676 | D:4      | Reached XP level 7. HP: 42/67 MP: 6/6
  2734 | D:4      | Noticed Edmund
  2751 | D:4      | Killed Edmund
  2752 | D:4      | Reached skill level 4 in Unarmed Combat
  2870 | D:4      | Found Uphafausm's Book Boutique.
  3247 | D:4      | Found a sacrificial altar of Ru.
  3247 | D:4      | Noticed Duvessa
  3247 | D:4      | Noticed Dowan
  3265 | D:4      | Killed Duvessa
  3270 | D:4      | Killed Dowan
  3346 | D:5      | Entered Level 5 of the Dungeon
  3499 | D:5      | Reached XP level 8. HP: 70/78 MP: 7/7
  4685 | D:6      | Noticed Sigmund
  4705 | D:6      | Killed Sigmund
  4706 | D:6      | Reached skill level 5 in Unarmed Combat
  5048 | D:6      | Reached skill level 5 in Shields
  5236 | D:6      | Found a staircase to the Ecumenical Temple.
  5242 | Temple   | Entered the Ecumenical Temple
  5305 | Temple   | Became a worshipper of Makhleb the Destroyer
  5495 | D:6      | Reached skill level 5 in Dodging
  5798 | D:7      | Reached skill level 5 in Fighting
  5798 | D:7      | Reached XP level 9. HP: 81/88 MP: 8/8
  5808 | D:7      | Found a shimmering blue altar of Sif Muna.
  5867 | D:7      | Found Wutuf's Serpentskin Sales.
  5899 | D:7      | Bought 6 curare-tipped darts for 43 gold pieces
  5994 | D:7      | Reached skill level 6 in Unarmed Combat
  6026 | D:7      | Reached skill level 5 in Throwing
  6351 | D:7      | Found a basalt altar of Yredelemnul.
  6671 | D:7      | Reached * piety under Makhleb
  6803 | D:7      | Found a shadowy altar of Dithmenos.
  6804 | D:7      | Found a hazy altar of Hepliaklqana.
  6850 | D:8      | Found Uklaniet's Weapon Shop.
  6852 | D:8      | Found Menees's Assorted Antiques.
  6853 | D:8      | Found Ostruf's Weapon Shop.
  6853 | D:8      | Noticed Grum
  6859 | D:8      | Reached XP level 10. HP: 96/98 MP: 9/9
  6873 | D:8      | Killed Grum
  6921 | D:8      | Found Efuf's Armour Shop.
  6947 | D:8      | Bought 2 potions of curing for 162 gold pieces
  6947 | D:8      | Bought a golden potion for 24 gold pieces
  6947 | D:8      | Bought a scroll of identify for 54 gold pieces
  6947 | D:8      | Bought a lumpy golden potion for 24 gold pieces
  7123 | D:8      | Noticed Harold
  7153 | D:8      | Killed Harold
  7154 | D:8      | Reached skill level 7 in Unarmed Combat
  7390 | D:8      | Found a snail-covered altar of Cheibriados.
  7828 | D:9      | Found a staircase to the Orcish Mines.
  7832 | D:9      | Found Bogulase's Armour Emporium.
  8060 | D:9      | Reached ** piety under Makhleb
  8845 | D:9      | Found a stormy altar of Qazlal.
  8934 | D:10     | Entered Level 10 of the Dungeon
  9091 | D:10     | Found a runed translucent door.
  9091 | D:10     | Noticed a fire dragon
  9092 | D:10     | Noticed an ice dragon
  9092 | D:10     | Found the +2 shield of Resistance {rF++ rC++ Will++}
  9092 | D:10     | Noticed an ice dragon
  9093 | D:10     | Found a runed translucent door.
  9093 | D:10     | Noticed a fire dragon
  9151 | D:10     | Reached XP level 11. HP: 106/107 MP: 10/10
  9186 | D:10     | Reached skill level 8 in Unarmed Combat
  9216 | D:10     | Noticed a white ugly thing
  9224 | D:10     | Killed a white ugly thing
  9334 | D:10     | Found a radiant altar of Vehumet.
  9404 | D:10     | Found a staircase to the Lair.
  9445 | D:10     | Noticed a two-headed ogre
  9488 | D:10     | Killed a two-headed ogre
 10157 | D:11     | Found a flickering gateway to a bazaar.
 10164 | Bazaar   | Entered a bazaar
 10168 | Bazaar   | Found Saopiub's Jewellery Boutique.
 10190 | Bazaar   | Found Yble's Antique Weapon Emporium.
 10211 | Bazaar   | Found Umerimpe's Book Boutique.
 10231 | Bazaar   | Found Taihiast's Distillery.
 10259 | Bazaar   | Bought a potion of magic for 80 gold pieces
 10259 | Bazaar   | Bought a potion of haste for 100 gold pieces
 10259 | Bazaar   | Bought 2 potions of heal wounds for 100 gold pieces
 10657 | D:12     | Noticed Jorgrun
 10659 | D:12     | Noticed a two-headed ogre
 10907 | D:12     | Noticed Rupert
 10909 | D:12     | Paralysed by Rupert for 6 turns
 10912 | D:12     | Constricted to death by Jorgrun

Illustrated notes

Levels and vault maps discovered:
D:1:      lightli_arrival_statuegarden, layout_basic, basic_ecumenical_altar,
          minmay_quantized
D:2:      layout_basic, roderic_roman_lattice, nicolae_elevator_lobby_plus
D:3:      layout_loops_ring, minmay_lizard_king
D:4:      layout_basic, nicolae_ru_the_path_less_chosen, serial_shops, shop,
          uniq_duvessa, uniq_edmund, uniq_pikel
D:5:      layout_layer_cave, minmay_crossroads
D:6:      layout_basic, minmay_temple_entry_fiery, minivault_5, uniq_sigmund
D:7:      cheibrodos_barr_body, layout_basic,
          riverfiend_overflow_shadow_ancestor, nicolae_overflow_crystal_walls,
          yredelemnul_altar_generic, minmay_misc_feat_alley, guppyfry_shop_venom
D:8:      layout_loops_ring, slow_altar_2, minmay_shop_grid_forest,
          kennysheep_just_a_vault, uniq_grum, uniq_harold
D:9:      layout_long_grid, mainiacjoe_overflow_alcove_4, orc_david_3
D:10:     layout_loops_cross, vehumet_statue, lair_entry_dummy,
          minmay_guarded_unrand_resistance
D:11:     layout_basic, serial_shops, bzr_entry_road
D:12:     layout_stronghold, uniq_jorgrun, uniq_nessos, uniq_snorg, uniq_rupert
Temple:   zaba_magenta_temple

Skill      XL: |  1  2  3  4  5  6  7  8  9 10 11 |
---------------+----------------------------------+-----
Throwing       | 1 2 3 4 5 6 7 |  7.3
Dodging        | 3 4 5 6 7 |  7.3
Shields        | 3 4 5 6 7 |  7.3
Fighting       | 3 4 5 6 7 |  7.3
Unarmed Combat | 3 4 5 6 7 8 |  8.5

Action                   |  1- 3 |  4- 6 |  7- 9 | 10-12 || total
-------------------------+-------+-------+-------+-------++-------
Melee: Unarmed           |   109 |    80 |   274 |   320 ||   783
Throw: Dart              |       |       |    23 |    56 ||    79
       Stone             |       |       |    24 |     8 ||    32
  Use: Scroll            |       |       |     5 |     9 ||    14
       Potion            |       |       |       |     1 ||     1
 Stab: Sleeping          |     1 |       |       |     1 ||     2
Armor: Robe              |    23 |    14 |    43 |    25 ||   105
       Acid dragon scale |       |       |       |    45 ||    45
Dodge: Dodged            |    26 |    19 |   124 |   223 ||   392
Block: Kite shield       |    32 |    32 |   105 |   199 ||   368
